 Dungeon Crawl Stone Soup version 0.17.1-2-g5865329 (webtiles) character file.

5778 FortyThree the Unseen (level 10, 0/49 HPs)
             Began as a Spriggan Enchanter on Jan 21, 2016.
             Was a Priest of Dithmenos.
             Killed from afar by a wretched star (26 damage)
             ... with an orb of energy
             ... on level 1 of the Abyss on Jan 22, 2016.
             The game lasted 00:33:47 (11563 turns).

FortyThree the Unseen (Spriggan Enchanter)         Turns: 11563, Time: 00:33:47

Health: 0/49       AC:  2    Str:  4    XL:     10   Next: 50%
Magic:  21/21      EV: 29    Int: 17    God:    Dithmenos [***...]
Gold:   530        SH:  0    Dex: 18    Spells: 3 memorised, 17 levels left

rFire  . . .     SeeInvis +     a - +0 dagger (elec)
rCold  + . .     Clarity  .     e - +0 robe {rC+}
rNeg   + . .     SustAt   .     (shield restricted)
rPois  .         Gourm    .     (helmet restricted)
rElec  .         Spirit   .     (no cloak)
rCorr  .         Warding  +     (gloves unavailable)
rMut   .         Stasis   .     (boots unavailable)
MR     +....                    y - amulet of warding
Stlth  +++++++++.               (no ring)
                                o - +2 ring of evasion

@: wreathed by umbra, very quick, somewhat resistant to hostile enchantments,
incredibly stealthy
A: unfitting armour, see invisible, herbivore 3, speed 3, slow regeneration 1,
slow metabolism 2, weak 1, no device heal 1
a: Shadow Step, Renounce Religion


You were on level 1 of the Abyss.
You worshipped Dithmenos.
Dithmenos was most pleased with you.
You were hungry.

You visited 1 branch of the dungeon, and saw 8 of its levels.
You visited the Abyss 1 time.

You collected 530 gold pieces.

Inventory:

Hand Weapons
 a - a +0 dagger of electrocution (weapon)
 p - a +2 dagger of speed
Armour
 b - a +1 robe
 e - a +0 robe of cold resistance (worn)
Jewellery
 o - a +2 ring of evasion (left hand)
 y - an amulet of warding (around neck)
Wands
 s - a wand of frost (27)
Scrolls
 f - 6 scrolls of teleportation
 g - 6 scrolls of identify
 j - 2 scrolls of blinking
 k - a scroll of magic mapping
 r - a scroll of remove curse
 w - a scroll of enchant armour {unknown}
Potions
 h - 6 potions of curing
 i - 2 potions of might
 l - a potion of berserk rage {unknown}
 m - a potion of lignification
 n - a potion of flight {unknown}
 q - a potion of brilliance {unknown}
 u - a potion of haste {unknown}
 v - a potion of magic {unknown}
 x - 2 potions of heal wounds {unknown}
 z - a potion of invisibility {unknown}
Books
 c - a book of Maledictions

   Spells                             Type                      Level
   a - Corona                         Hexes                        1
   b - Ensorcelled Hibernation        Hexes/Ice                    2
   c - Confuse                        Hexes                        3
   d - Tukima's Dance                 Hexes                        3
   e - Dazzling Spray                 Conjuration/Hexes            3
 t - a book of the Warp

   Spells                             Type                      Level
   a - Recall                         Summoning/Translocation      3
   b - Gell's Gravitas                Hexes/Translocation          3
   c - Force Lance                    Conjuration/Translocation    4
   d - Phase Shift                    Translocation                5
   e - Warp Weapon                    Charms/Translocation         5
   f - Summon Forest                  Summoning/Translocation      5
Comestibles
 d - 7 bread rations


   Skills:
 + Level 3.9 Fighting
 - Level 4.0 Short Blades
 - Level 10.4 Dodging
 - Level 15.5 Stealth
 - Level 7.0 Spellcasting
 + Level 7.3 Hexes


You had 17 spell levels left.
You knew the following spells:

 Your Spells              Type           Power        Failure   Level  Hunger
a - Corona                Hex            ####...      1%          1    None
b - Ensorcelled Hibernat  Hex/Ice        ###...       4%          2    None
c - Confuse               Hex            ####....     1%          3    ##.....


Dungeon Overview and Level Annotations

Branches:
Dungeon (8/15)             Temple (0/1) D:6
   Lair: D:8-11

Altars:
Ashenzari
Cheibriados
Dithmenos
Fedhas
Gozag
Makhleb
Nemelex Xobeh
Qazlal
Ru
Sif Muna
Trog
Vehumet
Yredelemnul
Zin

Annotations:
D:8 Erolcha, Gastronok


Innate Abilities, Weirdness & Mutations

You are tiny and cannot use many weapons and most armour.
You have supernaturally acute eyesight.
You are a herbivore.
You cover ground extremely quickly.
You need consume almost no food.
[You regenerate slowly when monsters are visible.]
[You are weak. (Str -2)]
[Potions and wands are less effective at restoring your health.]


Message History

You hit the wretched star.
The wretched star is lightly damaged.
The wretched star glows turbulently.
The orb of energy misses you.
The orb of energy explodes!
You closely miss the wretched star.
The wretched star is lightly damaged.
You hit the wretched star but do no damage.
The wretched star is lightly damaged.
You hit the wretched star but do no damage.
The wretched star is lightly damaged.
The wretched star glows turbulently.
The orb of energy misses you.
The orb of energy explodes!
You hit the wretched star but do no damage.
The wretched star is lightly damaged.
You hit the wretched star but do no damage.
The wretched star is lightly damaged.
The wretched star glows turbulently.
The orb of energy hits you!
Ouch! That really hurt!
You die...

####
#..##
#*..#
#@#
#.#
###


You could see a wretched star.

Vanquished Creatures
  The ghost of Aviak the Ducker, a novice TrHu (D:8)
  Erica (D:8)
  A deep elf mage (D:5)
  Grum (D:8)
  2 wolves (D:8)
  A water moccasin (D:8)
  3 black bears
  3 ice beasts
  An orc warrior (D:6)
  4 ogres
  5 centaurs
  A big kobold (D:7)
  3 sky beasts
  3 giant frogs
  4 scorpions
  A water moccasin skeleton (D:4)
  3 jellies
  9 wights
  3 crimson imps
  2 giant frog skeletons (D:6)
  9 orc priests
  2 centaur skeletons
  4 hounds
  10 orc wizards
  2 worker ants
  2 hound skeletons
  A worker ant zombie (D:7)
  7 adders
  A shadow imp (D:5)
  A white imp (Abyss:1)
  An ooze (D:3)
  2 adder skeletons
  An adder zombie (D:8)
  2 worms
  40 orcs
  4 ball pythons
  7 giant cockroaches
  9 goblins
  10 hobgoblins
  5 jackals
  12 kobolds
  3 quokkas
  5 bats
  7 giant geckos
  A giant gecko zombie (D:5)
  4 giant newts
  A jackal skeleton (D:4)
  9 rats
214 creatures vanquished.

Vanquished Creatures (others)
  An ice beast (D:8)
  An orc (D:8)
2 creatures vanquished.

Grand Total: 216 creatures vanquished

Notes
Turn   | Place    | Note
--------------------------------------------------------------
     0 | D:1      | FortyThree the Spriggan Enchanter began the quest for the Orb.
     0 | D:1      | Reached XP level 1. HP: 9/9 MP: 5/5
   189 | D:1      | Reached XP level 2. HP: 10/13 MP: 6/6
   203 | D:1      | Learned a level 2 spell: Ensorcelled Hibernation
   210 | D:1      | Reached skill level 5 in Stealth
   859 | D:1      | Found a snail-covered altar of Cheibriados.
  1349 | D:1      | Reached XP level 3. HP: 16/16 MP: 8/8
  1628 | D:2      | Reached skill level 6 in Stealth
  1759 | D:2      | Found a radiant altar of Vehumet.
  1810 | D:2      | Found a faded altar to an unknown god.
  2105 | D:3      | Reached XP level 4. HP: 21/21 MP: 6/9
  2113 | D:3      | Reached skill level 5 in Hexes
  2340 | D:3      | Reached skill level 7 in Stealth
  2652 | D:3      | Reached XP level 5. HP: 21/24 MP: 1/10
  2657 | D:3      | Learned a level 3 spell: Confuse
  2762 | D:3      | Noticed a centaur
  2764 | D:3      | Killed a centaur
  3208 | D:4      | Reached skill level 8 in Stealth
  3208 | D:4      | Reached XP level 6. HP: 16/28 MP: 11/11
  4012 | D:4      | Found a stormy altar of Qazlal.
  4405 | D:4      | Reached skill level 9 in Stealth
  4619 | D:4      | Found a glowing silver altar of Zin.
  4619 | D:4      | Found a burning altar of Makhleb.
  4620 | D:4      | Noticed a balrug
  4620 | D:4      | Noticed an angel
  4758 | D:5      | Entered Level 5 of the Dungeon
  4773 | D:5      | Reached XP level 7. HP: 32/32 MP: 11/13
  4823 | D:5      | Found a shattered altar of Ashenzari.
  4824 | D:5      | Found a shadowy altar of Dithmenos.
  4834 | D:5      | Found a deep blue altar of Sif Muna.
  4840 | D:5      | Became a worshipper of Dithmenos the Shadowed
  4861 | D:5      | Noticed a deep elf mage
  4868 | D:5      | Killed a deep elf mage
  4868 | D:5      | Reached skill level 10 in Stealth
  4868 | D:5      | Reached skill level 5 in Spellcasting
  5235 | D:5      | Found a shadowy altar of Dithmenos.
  5244 | D:5      | Reached skill level 11 in Stealth
  5244 | D:5      | Reached XP level 8. HP: 36/36 MP: 15/17
  5295 | D:5      | Found a basalt altar of Yredelemnul.
  5719 | D:5      | Reached * piety under Dithmenos
  5851 | D:6      | Reached skill level 12 in Stealth
  5878 | D:6      | Found a bloodstained altar of Trog.
  5896 | D:6      | Reached skill level 5 in Dodging
  6524 | D:6      | Reached skill level 13 in Stealth
  6728 | D:6      | Found a staircase to the Ecumenical Temple.
  6756 | D:6      | Reached XP level 9. HP: 39/39 MP: 15/20
  6760 | D:6      | Reached ** piety under Dithmenos
  7778 | D:7      | Reached skill level 14 in Stealth
  8079 | D:7      | Found an opulent altar of Gozag.
  8351 | D:7      | Found a blossoming altar of Fedhas.
  8464 | D:7      | Found a sacrificial altar of Ru.
  8880 | D:8      | Reached *** piety under Dithmenos
  9023 | D:8      | Reached skill level 10 in Dodging
  9176 | D:8      | Noticed Gastronok
  9508 | D:8      | Found a sparkling altar of Nemelex Xobeh.
  9543 | D:8      | Reached skill level 15 in Stealth
  9550 | D:8      | Noticed Erolcha
 10041 | D:8      | Noticed Grum
 10046 | D:8      | Killed Grum
 10046 | D:8      | Reached skill level 1 in Fighting
 10048 | D:8      | Reached XP level 10. HP: 43/45 MP: 16/21
 10187 | D:8      | Noticed Erica
 10595 | D:8      | Killed Erica
 10792 | D:8      | Noticed Aviak's ghost (novice TrHu)
 10940 | D:8      | Killed Aviak's ghost
 11102 | D:8      | Cast into the Abyss (Erolcha)
 11253 | Abyss:1  | Noticed a large abomination
 11344 | Abyss:1  | Noticed a large abomination
 11363 | Abyss:1  | Noticed a reaper
 11384 | Abyss:1  | Noticed a worldbinder
 11384 | Abyss:1  | Noticed a thrashing horror
 11430 | Abyss:1  | Noticed a tentacled starspawn
 11436 | Abyss:1  | Noticed a necromancer
 11554 | Abyss:1  | Noticed a wretched star
 11563 | Abyss:1  | Killed from afar by a wretched star

Action                   |  1- 3 |  4- 6 |  7- 9 | 10-12 || total
-------------------------+-------+-------+-------+-------++-------
Melee: Dagger            |   145 |   109 |   268 |    54 ||   576
 Cast: Ensorcelled Hiber |    13 |    31 |    84 |    10 ||   138
       Confuse           |       |       |    18 |    13 ||    31
  Use: Scroll            |       |       |    16 |     1 ||    17
 Stab: Sleeping          |    20 |    29 |    81 |     6 ||   136
       Distracted        |       |     1 |     5 |     3 ||     9
       Confused          |       |       |     7 |     4 ||    11
  Eat: Fruit             |       |     4 |     4 |       ||     8
       Pizza             |       |       |     1 |     1 ||     2
